Map: Solaris LE

Players

demzi - Winner!

  • Race: Zerg Zerg
  • League: Silver
  • Spawn Location: 1:00

Wahn

  • Race: Zerg Zerg
  • League: Silver
  • Spawn Location: 7:00

VOD

Have the link to the VOD?

Description

Time

  • Played on: March 20, 2024, 3:59 p.m.
  • Length: 8:54
Show
View Real Time Build Order
Export as new Build Order

demzi Zerg - Winner!

Build Orders: Hatch First 

Get SALT Encoding   

  12  0:00  Drone  
  13  0:13  Overlord  
  13  0:17  Drone  
  14  0:31  Drone x2  
  16  0:40  Drone  
  17  0:52  Hatchery  
  16  0:59  Drone  
  16  1:00  Drone  
  18  1:04  Extractor  
  17  1:17  Spawning Pool  
  16  1:19  Drone  
  16  1:22  Drone  
  18  1:30  Drone  
  19  1:40  Overlord  
  19  1:52  Drone  
  20  2:05  Zergling x4  
  20  2:07  Queen  
  20  2:08  Queen  
  26  2:12  Drone  
  27  2:18  Drone  
  27  2:22  Drone  
  29  2:26  Drone  
  29  2:27  Metabolic Boost  
  30  2:40  Drone x2  
  32  2:46  Overlord  
  31  3:00  Overlord x3  
  31  3:06  Evolution Chamber  
  31  3:09  Evolution Chamber  
  29  3:14  Roach Warren  
  29  3:17  Drone x3  
  29  3:18  Spine Crawler  
  29  3:25  Queen  
  31  3:45  Drone x7  
  38  3:49  Zerg Missile Weapons Level 1  
  38  3:55  Zerg Ground Armor Level 1  
  38  3:59  Roach  
  40  4:14  Roach x2  
  44  4:21  Drone  
  44  4:22  Drone x2  
  44  4:24  Extractor, Drone x3  
  46  4:25  Drone x2  
  46  4:26  Extractor  
  50  4:39  Drone x2  
  50  4:44  Lair  
  52  4:48  Drone, Hatchery  
  52  4:53  Drone  
  52  4:54  Extractor, Drone x2  
  52  4:55  Drone  
  52  4:59  Roach x2  
  59  5:10  Overlord x3  
  59  5:31  Roach  
  59  5:32  Roach x7  
  75  5:43  Queen  
  75  5:49  Drone x3  
  81  5:50  Drone  
  81  5:54  Drone x3  
  81  5:55  Overlord x2  
  81  5:56  Overlord  
  84  6:02  Ravager x4  
  84  6:03  Ravager x2  
  90  6:08  Glial Reconstitution  
  90  6:24  Drone  
  90  6:25  Drone x12  
  103  6:27  Extractor  
  103  6:29  Extractor  
  103  6:31  Drone  
  102  6:35  Overlord x2  
  102  6:36  Overlord  
  104  6:54  Roach  
  104  6:55  Roach x7  
  88  7:23  Roach x9  
  79  8:11  Roach x4  
  79  8:12  Roach x5  
  89  8:28  Roach x4  
  94  8:38  Spawning Pool  
Show
View Real Time Build Order
Export as new Build Order

Wahn Zerg 

Build Orders: Hatch First 

Get SALT Encoding   

  12  0:01  Drone  
  13  0:12  Drone  
  14  0:35  Hatchery  
  13  0:50  Drone  
  14  0:58  Spawning Pool  
  14  1:01  Drone  
  14  1:08  Overlord  
  14  1:14  Extractor  
  14  1:16  Drone  
  14  1:28  Drone x2  
  16  1:36  Drone  
  17  1:45  Extractor  
  17  1:46  Drone  
  17  1:49  Queen  
  17  1:51  Drone  
  20  2:06  Drone x2  
  22  2:10  Drone  
  22  2:11  Zergling x2  
  24  2:23  Metabolic Boost  
  24  2:28  Zergling x2, Drone  
  26  2:33  Drone  
  27  2:41  Drone  
  28  2:45  Overlord  
  28  3:03  Queen  
  28  3:05  Lair  
  30  3:08  Zergling x8  
  30  3:09  Zergling x2  
  35  3:14  Drone  
  34  3:56  Evolution Chamber  
  34  3:59  Drone  
  34  4:00  Drone x2  
  34  4:02  Overlord x4  
  31  4:18  Zergling x4  
  31  4:19  Zergling x2  
  31  4:23  Zerg Melee Weapons Level 1  
  34  4:27  Drone  
  34  4:28  Zergling x4  
  37  4:36  Hydralisk Den  
  36  4:40  Zergling x4, Drone x2  
  40  4:48  Overseer  
  40  4:51  Pneumatized Carapace  
  40  4:54  Drone  
  40  4:55  Zergling x6  
  44  5:10  Grooved Spines  
  44  5:18  Drone  
  44  5:19  Drone x2, Hydralisk  
  49  5:26  Drone x2, Overlord  
  51  5:49  Nydus Network  
  50  5:50  Drone  
  50  5:51  Drone, Hydralisk x2  
  50  5:52  Hydralisk  
  58  6:00  Muscular Augments  
  58  6:18  Zerg Missile Weapons Level 1  
  58  6:26  Drone, Hydralisk x2  
  58  6:28  Zergling x4  
  58  6:29  Zergling x12  
  58  6:30  Zergling x2  
  72  6:39  Nydus Canal  
  53  7:06  Hatchery  
  50  7:13  Hydralisk x4  
  55  7:19  Zergling x2  
  55  7:20  Zergling x4  
  8  8:19  Zergling x2  
  8  8:20  Zergling x6  
  10  8:28  Zergling x2  
  10  8:30  Drone  
Tags
 
Matchup
ZvZ
Race
Zerg
Replay Pack
Multiplayer
Spawn Locations
Cross Positions
Add a new tag
Caveats
  • Supply blocks, unpowered buildings, or Contaminate may cause inaccurate times.
  • Supply counts are checked every 10 seconds.